 Dungeon Crawl Stone Soup version 0.31.0-9-g3a7656b989 (webtiles) character file.

Game seed: 10418094154678166553

1585 qw the Skirmisher (level 8, 0/40 (46) HPs)
             Began as a Deep Elf Hunter on Feb 2, 2024.
             Slain by a wight
             ... wielding a +0 spear
              (2 damage)
             ... on level 6 of the Dungeon.
             The game lasted 00:00:17 (4333 turns).

qw the Skirmisher (Deep Elf Hunter)                 Turns: 4333, Time: 00:00:18

HP:   0/40 (46)     AC: 10    Str: 10    XL:     8   Next: 61%
MP:   10/10         EV: 12    Int: 15    God:
Gold: 288           SH:  0    Dex: 18    Spells: 7/7 levels left

rFire   . . .        b - +2 hand cannon (heavy)
rCold   . . .        (no shield)
rNeg    . . .        a - +1 ring mail
rPois   .            e - +2 helmet
rElec   .            (no cloak)
rCorr   .            k - +0 pair of gloves
SInv    .            (no boots)
Will    .....        (no amulet)
Stlth   +            (no ring)
HPRegen 0.26/turn    (no ring)
MPRegen 0.12/turn

%: no passive effects
@: heavily drained
A: no striking features
a: no special abilities


You were on level 6 of the Dungeon.
You visited 1 branch of the dungeon, and saw 6 of its levels.
You also visited: Sewer.

You collected 288 gold pieces.


   Skills:
 - Level 3.1 Fighting
 + Level 13.5 Ranged Weapons
 - Level 1.2 Armour
 - Level 4.1 Dodging
 - Level 1.2 Stealth


You had 7 spell levels left.
You didn't know any spells.
Your spell library was empty.

Inventory:

Hand Weapons
 b - a +2 heavy hand cannon (weapon)
Armour
 a - a +1 ring mail (worn)
 e - a +2 helmet (worn)
 k - a +0 pair of gloves (worn)
Wands
 c - a wand of quicksilver (6)
 d - a wand of roots (8)
Scrolls
 g - 7 scrolls of teleportation
 l - a scroll of identify
Potions
 f - a potion of enlightenment {unknown}
 h - a potion of attraction {unknown}
 i - a potion of brilliance {unknown}
 j - a potion of might {unknown}
 m - a potion of haste

Dungeon Overview and Level Annotations

Branches:
Dungeon (6/15)              Sewer (visited)
 Temple: D:4-7

Altars:
Ashenzari
Gozag
Uskayaw
Wu Jian

Shops:
D:1 :

Annotations:
D:4 1 runed translucent door, qw's ghost, amateur SpHu


Message History

Something hits you but does no damage.
You shoot a bolt. The bolt hits the bullfrog!!
You kill the bullfrog!
Something hits you but does no damage.
You shoot a bolt.
Reactivating autopickup.
You feel a bit more experienced.
You start resting.
HP restored.
You see here a +0 chain mail.
Found a stone staircase leading up.
l - a scroll of identify A wight comes into view.
It is wielding a +0 dagger.
You shoot a bolt. The bolt closely misses the wight.
A wight comes into view. It is wielding a +0 spear.
A wight comes into view. It is wielding a +3 trident.
You shoot a bolt. The bolt hits the wight.
The wight is lightly damaged.
You shoot a bolt.
The bolt hits the wight but does no damage.
The wight is lightly damaged.
The wight barely misses you.
You shoot a bolt. The bolt barely misses the wight.
The wight closely misses you.
The wight hits you from afar with a +3 trident!
You feel drained. The wight misses you. The wight closely misses you.
You shoot a bolt. The bolt barely misses the wight.
The wight hits you from afar with a +3 trident!
You feel drained.
The wight hits you from afar with a +0 spear.
The wight hits you with a +0 dagger.
You feel drained.
The wight hits you from afar with a +3 trident.
You feel drained.
The wight hits you from afar with a +0 spear.
The wight closely misses you.
You shoot a bolt. The bolt hits the wight!
You destroy the wight!
The wight hits you from afar with a +3 trident!
The wight hits you from afar with a +0 spear.
You die...

##........#
#........##
#.........##
#...........
##.......####
##.......##
##..#######
###.ยค##
#.)@##
......0<#
###..z.z.
#.......
#.........
#...........
.............
..............


You could see 2 wights.

Vanquished Creatures
  Sigmund (D:5)
  A water moccasin (D:6)
  Pargi (Sewer)
  An ice beast (D:5)
  A sky beast (D:6)
  A black bear (D:5)
  An ogre (D:5)
  A kobold brigand (D:4)
  A brain worm (Sewer)
  A bullfrog (D:6)
  A wight (D:6)
  A bombardier beetle (D:5)
  A hound (D:5)
  A jelly (D:4)
  An orc priest (D:5)
  2 gnoll boudas (D:5)
  Natasha (thrice) (D:4)
  4 iguanas
  Ijyb (D:4)
  Robin (D:4)
  10 adders
  7 gnolls (D:5)
  3 dart slugs
  2 ribbon worms
  10 orcs
  10 ball pythons
  8 bats
  7 endoplasms
  6 giant cockroaches
  9 goblins
  10 hobgoblins
  3 jackals
  7 kobolds
  5 quokkas
  6 frilled lizards
  8 rats
137 creatures vanquished.

Notes
Turn   | Place    | Note
-------+----------+-------------------------------------------
     0 | D:1      | qw the Deep Elf Hunter began the quest for the Orb.
     0 | D:1      | Reached XP level 1. HP: 12/12 MP: 3/3
     0 | D:1      | 0 ||| qw: Version: 0.3-a-155-g5e7d8dd
     0 | D:1      | 0 ||| qw: Game counter: 943
     0 | D:1      | 0 ||| qw: Melee chars always use a shield: true
     0 | D:1      | 0 ||| qw: God list: Okawaru
     0 | D:1      | 0 ||| qw: Allow faded altars: false
     0 | D:1      | 0 ||| qw: Do Orc after clearing Dungeon:15 true
     0 | D:1      | 0 ||| qw: Do second Lair branch before Depths: true
     0 | D:1      | 0 ||| qw: Lair rune preference: random
     0 | D:1      | 0 ||| qw: Goals: Normal
     0 | D:1      | 0 ||| PLANNING D:1-11
   227 | D:1      | Reached XP level 2. HP: 16/16 MP: 4/4
   243 | D:1      | Reached skill level 6 in Ranged Weapons
   277 | D:1      | Found a faded altar of an unknown god.
   420 | D:1      | Found Rietycos's Vocational Training.
   655 | D:1      | 655 ||| READING scroll labelled FULASHR UNEA.
   756 | D:1      | 756 ||| READING 2 scrolls labelled VAMEYM UPH.
   757 | D:1      | 757 ||| READING 4 scrolls labelled REV TONNIAG.
   760 | D:1      | 760 ||| DRINKING 3 sapphire potions.
   864 | D:1      | 864 ||| DROPPING scroll of butterflies.
   865 | D:1      | 865 ||| DROPPING 2 potions of berserk rage.
   866 | D:1      | 866 ||| DROPPING scroll of fog.
  1030 | D:2      | Reached XP level 3. HP: 20/20 MP: 5/5
  1067 | D:2      | Reached skill level 7 in Ranged Weapons
  1140 | D:2      | Found a broken altar of Ashenzari.
  1535 | D:2      | 1535 ||| READING scroll labelled CUCU LEQ OMPA.
  1536 | D:2      | 1536 ||| READING 2 scrolls labelled SEZXA GIETTA.
  1536 | D:2      | 1536 ||| ENCHANTING +0 shortbow.
  1537 | D:2      | 1537 ||| READING scroll labelled JILIQA HEORR.
  1612 | D:3      | Reached XP level 4. HP: 25/25 MP: 6/6
  1645 | D:3      | Found an opulent altar of Gozag.
  1646 | D:3      | Found an ornate altar of the Wu Jian Council.
  1831 | D:3      | 1831 ||| SWAPPING to +2 hand cannon of flaming.
  1832 | D:3      | 1832 ||| DROPPING +0 shortbow.
  1846 | D:3      | Reached skill level 8 in Ranged Weapons
  2081 | D:3      | 2081 ||| UPGRADING to +0 ring mail.
  2091 | D:3      | 2091 ||| DROPPING +0 leather armour.
  2092 | D:3      | 2092 ||| READING scroll of enchant armour.
  2092 | D:3      | 2092 ||| ENCHANTING +0 ring mail.
  2093 | D:3      | 2093 ||| READING scroll labelled SIERAT CUAFAI.
  2093 | D:3      | 2093 ||| IDENTIFYING smoky purple potion
  2094 | D:3      | 2094 ||| DROPPING potion of lignification.
  2117 | D:4      | 2117 ||| PLANNING SEWER
  2163 | D:4      | Noticed Ijyb
  2164 | D:4      | Killed Ijyb
  2165 | D:4      | Reached XP level 5. HP: 29/29 MP: 7/7
  2311 | D:4      | Noticed Robin
  2318 | D:4      | Killed Robin
  2320 | D:4      | Reached skill level 9 in Ranged Weapons
  2536 | D:4      | Found a runed translucent door.
  2537 | D:4      | Noticed qw's ghost (amateur SpHu)
  2570 | D:4      | Noticed Natasha
  2571 | D:4      | Killed Natasha
  2572 | D:4      | Reached XP level 6. HP: 35/35 MP: 8/8
  2795 | D:4      | Found a glowing drain.
  2796 | D:4      | 2796 ||| UPGRADING to +0 helmet.
  2801 | D:4      | 2801 ||| READING scroll of identify.
  2801 | D:4      | 2801 ||| IDENTIFYING fizzy pink potion
  2805 | Sewer    | Entered a sewer
  2820 | Sewer    | Reached skill level 10 in Ranged Weapons
  2924 | Sewer    | Noticed Pargi
  2925 | Sewer    | 2925 ||| DRINKING potion of haste.
  2930 | Sewer    | Killed Pargi
  2985 | Sewer    | 2985 ||| READING scroll of enchant armour.
  2985 | Sewer    | 2985 ||| ENCHANTING +0 helmet.
  3039 | Sewer    | 3039 ||| READING scroll labelled CIM EBAOGGUMO.
  3040 | Sewer    | 3040 ||| READING scroll labelled HOAF SOOKYQE.
  3041 | Sewer    | 3041 ||| READING scroll labelled GEL SONIFE.
  3041 | Sewer    | 3041 ||| BRANDING +2 hand cannon of flaming.
  3042 | Sewer    | 3042 ||| READING scroll labelled LAQOICS VAEX.
  3050 | D:4      | 3050 ||| PLANNING D:1-11
  3057 | D:4      | Noticed Natasha
  3058 | D:4      | Killed Natasha
  3199 | D:4      | Noticed Natasha
  3201 | D:4      | Killed Natasha
  3202 | D:4      | Reached skill level 1 in Armour
  3202 | D:4      | Reached XP level 7. HP: 40/40 MP: 9/9
  3226 | D:4      | Found a hide-covered altar of Uskayaw.
  3488 | D:4      | 3488 ||| READING scroll of identify.
  3488 | D:4      | 3488 ||| IDENTIFYING fuming yellow potion
  3489 | D:4      | 3489 ||| DROPPING potion of invisibility.
  3543 | D:5      | Entered Level 5 of the Dungeon
  3546 | D:5      | 3546 ||| RETREEEEATING.
  3547 | D:5      | 3547 ||| RETREEEEATING.
  3548 | D:5      | 3548 ||| RETREEEEATING.
  3549 | D:5      | 3549 ||| RETREEEEATING.
  3550 | D:5      | 3550 ||| RETREEEEATING.
  3556 | D:5      | Noticed Sigmund
  3557 | D:5      | 3557 ||| ZAPPING wand of quicksilver (9) at 4,6 (Sigmund;
                  | floor).
  3558 | D:5      | 3558 ||| ZAPPING wand of quicksilver (8) at 3,5 (Sigmund;
                  | floor).
  3559 | D:5      | Reached skill level 11 in Ranged Weapons
  3559 | D:5      | 3559 ||| ZAPPING wand of quicksilver (7) at 3,5 (Sigmund;
                  | floor).
  3559 | D:5      | Killed Sigmund
  3564 | D:5      | Reached skill level 12 in Ranged Weapons
  3640 | D:5      | Reached XP level 8. HP: 44/44 MP: 10/10
  3655 | D:5      | 3655 ||| READING scroll of enchant armour.
  3655 | D:5      | 3655 ||| ENCHANTING +1 helmet.
  3763 | D:5      | Reached skill level 3 in Fighting
  4108 | D:5      | 4108 ||| UPGRADING to +0 pair of gloves.
  4145 | D:6      | 4145 ||| STAIRDANCE
  4176 | D:6      | 4176 ||| STAIRDANCE
  4195 | D:6      | Reached skill level 13 in Ranged Weapons
  4333 | D:6      | HP: 2/40 [wight/+3 trident (11)]
  4333 | D:6      | Slain by a wight

Levels and vault maps discovered:
D:1:      dpeg_arrival_simpleton_c, layout_loops_ring,
          shapermc_ecumenical_altar_gd, amcnicky_mini_rare_corridor_liquid,
          nicolae_shop_vocational
D:2:      layout_loops_ring, basic_altar, minmay_tromino_v4_c
D:3:      layout_rooms, gammafunk_temple_overflow_statue, minmay_crystal_room,
          minmay_quadrilaterals
D:4:      minmay_chambers_of_fours, layout_loops_cross,
          mainiacjoe_overflow_six_doors_small, ebering_ghost_reflecting_pool,
          gup_sewer_entry_bowl, uniq_robin, uniq_ijyb, uniq_natasha
D:5:      layout_cave_pools, uniq_sigmund
D:6:      layout_cave_pods, grunt_dithmenos_shadows, serial_shops, shop,
          minmay_hedge_maze, grunt_tough_drop, uniq_jeremiah

Skill      XL: |  1  2  3  4  5  6  7  8 |
---------------+-------------------------+-----
Ranged Weapons | 6 7 8 9 10 12 13 | 13.5
Fighting       | 2 3 |  3.1
Dodging        | 4 |  4.1
Armour         | 1 |  1.2
Stealth        | |  1.2

Action                     |  1- 3 |  4- 6 |  7- 9 || total
---------------------------+-------+-------+-------++-------
   Fire: Shortbow          |   102 |    39 |       ||   141
         Hand cannon       |       |    85 |    71 ||   156
  Evoke: Wand              |       |       |     3 ||     3
    Use: Scroll            |     6 |     8 |     2 ||    16
         Potion            |     1 |     1 |       ||     2
 Armour: Leather armour    |     6 |     4 |       ||    10
         Ring mail         |       |    48 |    77 ||   125
  Dodge: Dodged            |    15 |    54 |    58 ||   127

Table legend:
 A = Non-vault XP
 B = Vault XP
 C = Vault XP percentage of total XP
 D = Non-vault monster count
 E = Vault monster count
 F = Vault count percentage of total count
                 A         B        C        D         E       F
            +---------+---------+-------+---------+---------+-------
      Total |    1614 |     723 |  30.9 |     100 |      37 |  27.0
            +---------+---------+-------+---------+---------+-------
        D:1 |      28 |       0 |   0.0 |      16 |       0 |   0.0
        D:2 |      59 |       2 |   3.3 |      20 |       1 |   4.8
        D:3 |      69 |      11 |  13.8 |      20 |       6 |  23.1
        D:4 |     253 |     208 |  45.1 |      18 |      17 |  48.6
        D:5 |     765 |     214 |  21.9 |      22 |       1 |   4.3
        D:6 |     440 |       0 |   0.0 |       4 |       0 |   0.0
      Sewer |       0 |     288 | 100.0 |       0 |      12 | 100.0
            +---------+---------+-------+---------+---------+-------
